 Dungeon Crawl Stone Soup version 0.23-a0-636-g0ff6057 (webtiles) character file.

129 Matador8 the Conjurer (level 4, -2/33 HPs)
             Began as a Draconian Conjurer on Dec 28, 2018.
             Killed from afar by an orc wizard (8 damage)
             ... with a magic dart
             ... on level 3 of the Dungeon.
             The game lasted 00:11:45 (2027 turns).

Matador8 the Conjurer (Draconian Conjurer)          Turns: 2027, Time: 00:11:46

Health: -2/33      AC:  6    Str: 11    XL:     4   Next: 88%
Magic:  0/9        EV: 12    Int: 16    God:
Gold:   98         SH:  0    Dex: 11    Spells: 9/10 levels left

rFire    . . .     SeeInvis .   m - +1 short sword (drain)
rCold    . . .     Gourm    .   (no shield)
rNeg     . . .     Faith    .   (armour unavailable)
rPois    .         Spirit   .   (helmet restricted)
rElec    .         Reflect  .   f - +0 cloak
rCorr    .         Harm     .   (no gloves)
MR       .....                  (no boots)
Stlth    ++........             (no amulet)
HPRegen  0.11/turn              (no ring)
MPRegen  0.11/turn              (no ring)

@: slowed, very slow
A: unfitting armour, cold-blooded, AC +5
a: no special abilities


You were on level 3 of the Dungeon.
You were not hungry.

You visited 1 branch of the dungeon, and saw 3 of its levels.

You collected 98 gold pieces.

Inventory:

Hand Weapons
 j - a +0 dagger
 m - a +1 short sword of draining (weapon)
Missiles
 c - 4 poisoned needles
 i - 6 curare-tipped needles
Armour
 f - a +0 cloak (worn)
Scrolls
 a - 6 scrolls of teleportation {unknown}
 e - 2 scrolls of identify {unknown}
Potions
 g - a potion of heal wounds {unknown}
 h - a potion of haste {unknown}
 l - a potion of lignification {unknown}
 n - a potion of flight {unknown}
 o - a potion of agility {unknown}
Comestibles
 b - 6 rations
 d - 2 chunks of flesh


   Skills:
 - Level 1.7 Dodging
 - Level 1.9 Stealth
 + Level 3.5 Spellcasting
 + Level 5.2 Conjurations


You had 9 spell levels left.
You knew the following spells:

 Your Spells              Type           Power        Failure   Level  Hunger
a - Magic Dart            Conj           ###.         1%          1    None

Your spell library contained the following spells:

 Spells                   Type           Power        Failure   Level  Hunger
 Searing Ray              Conj           ###...       3%          2    ##.....
 Dazzling Spray           Conj/Hex       ##....       19%         3    ###....
 Iskenderun's Mystic Bla  Conj           ###.....     21%         4    ####...
 Force Lance              Conj/Tloc      ##......     52%         4    ####...
 Fulminant Prism          Conj/Hex       ##........   52%         4    ####...


Dungeon Overview and Level Annotations

Branches:
Dungeon (3/15)

Altars:


Innate Abilities, Weirdness & Mutations

Your plain brown scales are hard. (AC +5)
You cannot fit into any form of body armour.
You are cold-blooded and may be slowed by cold attacks.


Message History

The worker ant is almost dead.
The orc wizard closely misses you.
The worker ant bites you but does no damage.
You hit the worker ant.
You kill the worker ant!
The orc wizard misses you.
The orc wizard points at you and mumbles some strange words.
You feel yourself slow down.
The orc wizard hits you but does no damage.
You see here a worker ant corpse.
Casting: Magic Dart (safe; 1% risk of failure)
Confirm with . or Enter, or press ? or * to list all spells.
Aiming: Magic Dart (safe; 1% risk of failure)
Press: ? - help, Shift-Dir - straight line, f - orc wizard
Aim: an orc wizard, wielding a +0 dagger and wearing a +0 robe (fast)
The magic dart hits the orc wizard.
The orc wizard is moderately wounded.
The orc wizard casts a spell at you. The magic dart hits you!
You die... #.# #.#.# #.# #.#.# #.# #.#.# aoo

#.#.# #o#
#.######.#.# #.#
#........#.# #.#
##########.# #o#
###########.# #(#
#...@o......#
#.#####)###########
#.o)....# #########


You could see an orc wizard.

Vanquished Creatures
  An orc wizard (D:3)
  A worker ant (D:3)
  A gnoll (D:1)
  An ooze (D:2)
  A worm (D:2)
  4 dart slugs
  4 leopard geckos
  5 orcs (D:3)
  3 giant cockroaches
  4 goblins
  A hobgoblin (D:1)
  2 jackals (D:1)
  5 kobolds
  3 bats
  4 frilled lizards
  6 rats
46 creatures vanquished.

Notes
Turn   | Place    | Note
-------+----------+-------------------------------------------
     0 | D:1      | Matador8 the Draconian Conjurer began the quest for the
                  | Orb.
     0 | D:1      | Reached XP level 1. HP: 14/14 MP: 3/3
   250 | D:1      | Reached XP level 2. HP: 17/20 MP: 5/5
   541 | D:1      | Reached XP level 3. HP: 22/26 MP: 6/6
  1837 | D:3      | Reached XP level 4. HP: 33/33 MP: 5/8
  2010 | D:3      | Reached skill level 5 in Conjurations
  2027 | D:3      | Killed from afar by an orc wizard

Vault maps used:
D:1:      saegor_arrival_simple_d
D:2:      minivault_27
D:3:      first_ration

Skill      XL: |  1  2  3  4 |
---------------+-------------+-----
Spellcasting   | 3 |  3.5
Conjurations   | 5 |  5.2
Dodging        | |  1.7
Stealth        | |  1.9

Action                   |  1- 3 |  4- 6 || total
-------------------------+-------+-------++-------
Melee: Unarmed           |    30 |       ||    30
       Tailslap          |     5 |       ||     5
       Dagger            |     5 |       ||     5
       Short sword       |     3 |    10 ||    13
 Cast: Magic Dart        |    79 |    13 ||    92
  Use: Potion            |       |     1 ||     1
 Stab: Sleeping          |     2 |       ||     2
  Eat: Chunk             |     3 |     1 ||     4
Armor: Skin              |    16 |    10 ||    26
Dodge: Dodged            |    31 |    16 ||    47

Table legend:
 A = Non-vault XP
 B = Vault XP
 C = Vault XP percentage of total XP
 D = Non-vault monster count
 E = Vault monster count
 F = Vault count percentage of total count
                 A         B        C        D         E       F
            +---------+---------+-------+---------+---------+-------
      Total |     185 |       0 |   0.0 |      46 |       0 |   0.0
            +---------+---------+-------+---------+---------+-------
        D:1 |      52 |       0 |   0.0 |      20 |       0 |   0.0
        D:2 |      33 |       0 |   0.0 |      13 |       0 |   0.0
        D:3 |     100 |       0 |   0.0 |      13 |       0 |   0.0
            +---------+---------+-------+---------+---------+-------
